 Dungeon Crawl Stone Soup version 0.21-a0-178-g0b87683 (webtiles) character file.

9 4thArraOfDagon the Caller (level 2, -3/20 HPs)
             Began as a Vampire Summoner on Aug 9, 2017.
             Was an Initiate of Uskayaw.
             Slain by an iguana (7 damage)
             ... on level 5 of the Dungeon.
             The game lasted 00:03:11 (435 turns).

4thArraOfDagon the Caller (Vampire Summoner)         Turns: 435, Time: 00:03:12

Health: -3/20      AC:  3    Str:  7    XL:     2   Next: 6%
Magic:  5/5        EV: 12    Int: 17    God:    Uskayaw [......]
Gold:   61         SH:  0    Dex: 14    Spells: 4/5 levels left

rFire    + . .     SeeInvis +     - Unarmed
rCold    . . .     Gourm    .   (no shield)
rNeg     . . .     Faith    .   a - +1 robe
rPois    .         Spirit   .   (no helmet)
rElec    .         Reflect  .   (no cloak)
rCorr    .         Harm     .   (no gloves)
MR       .....                  (no boots)
Stlth    ++........             (no amulet)
HPRegen  0.26/turn              d - ring of protection from fire
MPRegen  0.09/turn              (no ring)

@: regenerating quickly
A: fangs 3, see invisible, unbreathing
a: Renounce Religion


You were on level 5 of the Dungeon.
You worshipped Uskayaw.
Uskayaw was noncommittal.
You were full.

You visited 1 branch of the dungeon, and saw 6 of its levels.

You collected 61 gold pieces.

Inventory:

Hand Weapons
 f - a +0 quarterstaff
Armour
 a - a +1 robe (worn)
Jewellery
 c - an uncursed ring of ice
 d - a ring of protection from fire (left hand)
Potions
 e - a potion of degeneration {unknown}
 g - a potion of agility {unknown}
Books
 b - a book of Callings

   Spells                             Type                      Level
   a - Summon Small Mammal            Summoning                    1
   b - Call Imp                       Summoning                    2
   c - Call Canine Familiar           Summoning                    3
   d - Summon Guardian Golem          Hexes/Summoning              3
   e - Summon Lightning Spire         Summoning/Air                4
   f - Summon Ice Beast               Ice/Summoning                4


   Skills:
 + Level 0.8 Fighting
 - Level 2.1 Dodging
 - Level 3.0 Stealth
 - Level 1.3 Unarmed Combat
 - Level 2.0 Spellcasting
 - Level 4.0 Summonings


You had 4 spell levels left.
You knew the following spells:

 Your Spells              Type           Power        Failure   Level  Hunger
a - Summon Small Mammal   Summ           ###.         3%          1    #......


Dungeon Overview and Level Annotations

Branches:
Dungeon (6/15)             Temple (0/1) D:5

Altars:
Nemelex Xobeh
Uskayaw

Annotations:
D:5 Blork the orc, Eustachio, Grinder
D:6 Menkaure


Innate Abilities, Weirdness & Mutations

Your natural rate of healing is unusually fast.
You have razor-sharp teeth.
You have supernaturally acute eyesight. (SInv)
You can survive without breathing.


Message History

Unknown command.
The bat hits you but does no damage.
Unknown command.
An iguana comes into view.
Grinder shouts!
The bat hits you but does no damage.
Grinder blinks!
The iguana hisses angrily.
The rat twitches its whiskers.
Unknown command.
The bat barely misses you.
Grinder says, "Wait up."
Eustachio opens the large door.
The hound skeleton bites you.
Blork the orc comes into view.
He is wielding a halberd.
The iguana bites you.
* * * LOW HITPOINT WARNING * * *
The bat hits you but does no damage.
Unknown command.
Unknown command.
The bat misses you. The iguana bites you!
You die...

##.........##
##########...(.......#
#........'..............
#.########..8.....8.##..
#.# #............ # #.#
#...###....... #.# #...#
#....... #####'####
#...# ....... .........#
#.l@# ...... .........#
#.Zb###..o.. .........#
#......5...
.........#####r.........
.......r.##..r..........
.....>...+'..r..........
....5...5....P.#########
.............P.#
#####'####PP>P.#


You could see an iguana, a quokka, a bat, 2 rats and a hound skeleton.

Vanquished Creatures
  An orc (D:3)
  2 bats
3 creatures vanquished.

Vanquished Creatures (collateral kills)
  A giant cockroach (D:2)
  2 hobgoblins
  A kobold (D:1)
  A quokka (D:6)
  A bat (D:1)
  2 frilled lizards
8 creatures vanquished.

Grand Total: 11 creatures vanquished

Notes
Turn   | Place    | Note
-------+----------+-------------------------------------------
     0 | D:1      | 4thArraOfDagon the Vampire Summoner began the quest for the Orb.
     0 | D:1      | Reached XP level 1. HP: 13/13 MP: 3/3
    94 | D:1      | Found a sparkling altar of Nemelex Xobeh.
   118 | D:2      | Reached skill level 1 in Unarmed Combat
   254 | D:3      | Reached XP level 2. HP: 20/20 MP: 3/5
   299 | D:4      | Noticed a howler monkey
   339 | D:5      | Entered Level 5 of the Dungeon
   339 | D:5      | Noticed a crimson imp
   346 | D:6      | Found a hide-covered altar of Uskayaw.
   365 | D:6      | Became a worshipper of Uskayaw the Reveler
   383 | D:5      | Found a staircase to the Ecumenical Temple.
   383 | D:5      | Noticed Eustachio
   388 | D:6      | Noticed Menkaure
   400 | D:5      | Noticed Grinder
   434 | D:5      | Noticed Blork the orc
   435 | D:5      | Slain by an iguana

Vault maps used:
D:1:      dpeg_arrival_lava_temple_mockup, nemelex_altar_shiori
D:2:      marbit_many_paths, uniq_jessica
D:3:      uniq_crazy_yiuf_cottage
D:4:      first_bread
D:5:      nicolae_overflow_crystal_walls, minmay_temple_entry_overgrown,
          serial_shops, shop, st_stairs_1, nicolae_sextant,
          minmay_misc_feat_nine_boxes, uniq_eustachio, uniq_blork_the_orc,
          uniq_grinder
D:6:      eat_drink_and_be_merry_uskayaw, serial_shops,
          nicolae_shop_behind_doors, uniq_menkaure, uniq_sigmund

Skill      XL: |  1 |
---------------+----+-----
Unarmed Combat | 1 |  1.3
Fighting       | |  0.8
Dodging        | |  2.1
Stealth        | |  3.0
Spellcasting   | |  2.0
Summonings     | |  4.0

Action                   || total
-------------------------++-------
Melee: Unarmed           ||    24
       Bite              ||     1
 Cast: Summon Small Mamm ||    12
  Use: Potion            ||     1
       Scroll            ||     2
  Eat: Corpse            ||     4
Armor: Robe              ||    10
Dodge: Dodged            ||    31
